 Dungeon Crawl Stone Soup version 0.18.1-48-g4cf74bf (webtiles) character file.

50 Alarkh the Bolt Thrower (level 3, -4/27 HPs)
             Began as a Mummy Hunter on Aug 13, 2016.
             Slain by a gnoll (7 damage)
             ... on level 1 of the Dungeon.
             The game lasted 00:01:35 (679 turns).

Alarkh the Bolt Thrower (Mummy Hunter)               Turns: 679, Time: 00:01:36

Health: -4/27      AC:  4    Str: 15    XL:     3   Next: 55%
Magic:  3/3        EV:  8    Int: 11    God:
Gold:   82         SH:  9    Dex: 12    Spells: 0 memorised, 2 levels left

rFire  x . .     SeeInvis .     b - +0 short sword
rCold  + . .     Gourm    .     c - +0 leather armour
rNeg   + + +     Faith    .     k - +2 shield
rPois  ∞         Spirit   .     (no helmet)
rElec  .         Dismiss  .     g - +0 cloak
rCorr  .         Reflect  .     (no gloves)
SustAt .         Harm     .     (no boots)
MR     .....                    (no amulet)
Stlth  ++........               (no ring)
                                f - ring of stealth

@: not resistant to hostile enchantments, unstealthy
A: no food or potions, fire vulnerability, cold resistance 1, negative energy
resistance 3, torment resistance, unbreathing
a: no special abilities


You were on level 1 of the Dungeon.
You were not hungry.

You visited 1 branch of the dungeon, and saw 2 of its levels.

You collected 82 gold pieces.

Inventory:

Hand Weapons
 a - a +1 hand crossbow
 b - a +0 short sword (weapon)
Missiles
 d - a bolt
Armour
 c - a +0 leather armour (worn)
 g - a +0 cloak (worn)
 k - a +2 shield (worn)
Jewellery
 f - a ring of stealth (left hand)
Scrolls
 e - a scroll of remove curse {unknown}
 h - 2 scrolls of blinking {unknown}
 i - 3 scrolls of identify {unknown}
 j - a scroll of enchant weapon {unknown}
 l - a scroll of amnesia {unknown}


   Skills:
 - Level 2.0 Fighting
 + Level 4.4 Crossbows
 - Level 1.5 Dodging
 - Level 0.7 Stealth


You had 2 spell levels left.
You didn't know any spells.

Dungeon Overview and Level Annotations

Branches:
Dungeon (2/15)

Altars:


Innate Abilities, Weirdness & Mutations

You do not eat or drink.
Your flesh is vulnerable to fire.
You are immune to poison.
Your flesh is cold resistant.
You are immune to negative energy.
You are immune to unholy pain and torment.
You can survive without breathing.


Message History

You see here 12 gold pieces.
You now have 82 gold pieces (gained 12).
The gnoll barely misses you. The gnoll hits you but does no damage.
There is a stone staircase leading up here.
The gnoll barely misses you. The gnoll hits you.
The gnoll hits you from afar with a halberd!
You climb upwards.
A bat comes into view.
There is a stone staircase leading down here.
The gnoll hits you with a flail!
* * * LOW HITPOINT WARNING * * *
The bat barely misses you. The bat closely misses you.
The bat hits you but does no damage.
You hit the bat but do no damage. You block the bat's attack.
The bat barely misses you.
You miss the bat. The bat hits you but does no damage.
You barely miss the gnoll. You block the gnoll's attack.
You closely miss the gnoll. The gnoll hits you!
You die...

#................#8....
#).............####....
#..............# ##8..
####..............######..
#..#.....>......!....# ##8
#..#..............##.## ##
#..#....bg........##..# # ###
#..######g####....###.# # #.##
##.######@######.## #.# ## #..###
#.....##........####.###.
#....########......##.###........
#.##...######...#####..#####..###
#.####......#....#####....###.###
#.# ######...........###.###....
#.# ##...#####....#....###. #.#
#.#...# #....####...#. #.#
##.###.# #....# ###.#.


You could see 2 gnolls and a bat.

Vanquished Creatures
  An ooze (D:1)
  4 dart slugs (D:1)
  A giant gecko (D:1)
  A giant cockroach (D:2)
  3 goblins
  4 hobgoblins (D:1)
  7 jackals
  2 kobolds
  A ball python (D:1)
  3 bats
  2 giant newts (D:1)
  6 rats
35 creatures vanquished.

Notes
Turn   | Place    | Note
--------------------------------------------------------------
     0 | D:1      | Alarkh the Mummy Hunter began the quest for the Orb.
     0 | D:1      | Reached XP level 1. HP: 16/16 MP: 1/1
   133 | D:1      | Reached XP level 2. HP: 22/22 MP: 2/2
   305 | D:1      | Reached skill level 4 in Crossbows
   360 | D:1      | Reached XP level 3. HP: 27/27 MP: 3/3
   679 | D:1      | Slain by a gnoll

Skill      XL: |  1  2 |
---------------+-------+-----
Crossbows      | 4 |  4.4
Fighting       | |  2.0
Dodging        | |  1.5
Stealth        | |  0.7

Action                   || total
-------------------------++-------
Melee: Short sword       ||     8
 Fire: Hand crossbow     ||    68
Armor: Leather armour    ||     5
Dodge: Dodged            ||    10
Block: Shield            ||     5
